 Dungeon Sprint DCSS version 0.15-a0-1224-g3833f9c (webtiles) character file.

7 Infinimo the Ruinous (level 1, 0/13 HPs)
             Began as a Mummy Conjurer on June 1, 2014.
             Was an Initiate of Vehumet.
             Slain by an ufetubus (4 damage)
             ... in the Dungeon (Sprint V: "Ziggurat Sprint").
             The game lasted 00:00:39 (84 turns).

Infinimo the Ruinous (Mummy Conjurer)                 Turns: 84, Time: 00:00:41

HP   0/13        AC  2     Str 11      XL: 1   Next: 83%
MP   3/3         EV 12     Int 14      God: Vehumet [......]
Gold 0           SH  0     Dex 12      Spells:  1 memorised,  3 levels left

rFire  x . .     SeeInvis .     (no weapon)
rCold  + . .     Clarity  .     a - +0 robe
rNeg   + + +     rCorr    .     (no shield)
rPois  +         rRot     +     (no helmet)
rElec  .         Spirit   .     (no cloak)
SustAb .         Warding  .     (no gloves)
rMut   .         NoTele   +     (no boots)
Gourm  .                        (no amulet)
MR     .....                    (no ring)
                                (no ring)

@: not resistant to hostile enchantments, unstealthy
A: no food or potions, fire vulnerability, restore body, cold resistance 1, life
protection 3, poison resistance, torment resistance, unbreathing
a: Renounce Religion


You were in the Dungeon.
You worshipped Vehumet.
Vehumet was noncommittal.
You were not hungry.

You visited 1 branch

Inventory:

Hand weapons
 q - the +4,+8 shillelagh "Devastator"
   (You found it in the Dungeon)
Armour
 a - a +0 robe (worn)
 r - the +18 shield of the gong {rElec rN+ MR+ EV-5}
   (You found it in the Dungeon)

   It affects your evasion (-5).
   It insulates you from electricity.
   It protects you from negative energy.
   It affects your resistance to hostile enchantments.
 y - a +3 buckler
Magical devices
 j - a wand of disintegration (7)
 u - a wand of cold (5)
 v - a wand of draining (5)
 w - a wand of fire (4)
Scrolls
 b - 4 scrolls of amnesia
 d - 3 scrolls of recharging
 e - 7 scrolls of fog
 f - 5 scrolls of identify
 g - 5 scrolls of remove curse
 h - 4 scrolls of blinking
 i - 2 scrolls of fear
 x - a scroll of holy word
Jewellery
 k - a +6 ring of dexterity
 l - a +6 ring of dexterity
 m - a +6 ring of intelligence
 n - a +6 ring of intelligence
 o - a +6 ring of strength
 p - a +6 ring of strength
Books
 c - a book of Conjurations

   Spells                             Type                      Level
   *Magic Dart                        Conjuration                  1
   Searing Ray                        Conjuration                  2
   Dazzling Spray                     Conjuration/Hexes            3
   Fulminant Prism                    Conjuration/Hexes            4
   Iskenderun's Mystic Blast          Conjuration                  4
   Iskenderun's Battlesphere          Conjuration/Charms           5
Magical staves
 s - an uncursed staff of energy
Miscellaneous
 t - a crystal ball of energy


   Skills:
 - Level 1.5 Dodging
 - Level 1.5 Stealth
 - Level 2.0 Spellcasting
 + Level 4.5 Conjurations


You had 3 spell levels left.
You knew the following spells:

 Your Spells              Type           Power        Failure   Level  Hunger
a - Magic Dart            Conj           ##..         3%          1    N/A

Dungeon Overview and Level Annotations

Branches:
Dungeon (1/1)

Altars:
Ashenzari
Cheibriados
Dithmenos
Elyvilon
Fedhas
Gozag
Kikubaaqudgha
Makhleb
Nemelex Xobeh
Okawaru
Qazlal
Sif Muna
Trog
Vehumet
Xom
Yredelemnul
Zin
The Shining One
Beogh
Jiyva
Lugonu


Innate Abilities, Weirdness & Mutations

You do not eat or drink.
Your flesh is vulnerable to fire.
Your flesh is cold resistant.
You are immune to negative energy.
Your system is resistant to poisons.
You are immune to unholy pain and torment.
You can survive without breathing.


Message History

a +5,+5 giant spiked club; a +5,+5 giant club; a +5,+5 great mace a +5,+5 demon whip Your surroundings seem different!
Welcome to arena 1.
A white imp and an ufetubus come into view.
The ufetubus shouts!
The white imp shouts!
The ufetubus hits you. The white imp gestures at you.
The puff of frost hits you! You resist.
Unknown command.
Evoke which item? (* to show all) (? for menu, Esc to quit)
Zapping:
w - a wand of fire (5)
Press: ? - help, Shift-Dir - straight line, f - white imp
Aim: a white imp The bolt of fire misses the ufetubus.
The bolt of fire hits the white imp.
The white imp is burned terribly!
You kill the white imp!
Vehumet accepts your kill.
Your Conjurations skill increases to level 4!
This wand has 4 charges left.
The ufetubus hits you.
You die...

▓▓▓▓▓▓▓
▓.8©8.▓
▓.....▓
▓.:.=.▓
▓.....▓
▓.5...▓
▓@....▓
▓▓▓▓▓▓▓


You could see an ufetubus.

Vanquished Creatures
  A white imp (D)
1 creature vanquished.

Vanquished Creatures (others)
  A spatial maelstrom (D)
1 creature vanquished.

Grand Total: 2 creatures vanquished

Notes
Turn   | Place    | Note
--------------------------------------------------------------
     0 | D        | Infinimo, the Mummy Conjurer, began the quest for the Orb.
     0 | D        | Reached XP level 1. HP: 13/13 MP: 3/3
     0 | D        | Found an ancient bone altar of Kikubaaqudgha.
     1 | D        | Found a basalt altar of Yredelemnul.
     1 | D        | Found an iron altar of Okawaru.
     2 | D        | Found a radiant altar of Vehumet.
     2 | D        | Found a shimmering altar of Xom.
     4 | D        | Found a burning altar of Makhleb.
    13 | D        | Found a corrupted altar of Lugonu.
    13 | D        | Found a white marble altar of Elyvilon.
    13 | D        | Found a deep blue altar of Sif Muna.
    13 | D        | Banished a spatial maelstrom
    14 | D        | Found a roughly hewn altar of Beogh.
    14 | D        | Found a sparkling altar of Nemelex Xobeh.
    20 | D        | Found a bloodstained altar of Trog.
    40 | D        | Became a worshipper of Vehumet
    81 | D        | Entered arena 1.
    84 | D        | Reached skill level 4 in Conjurations
    84 | D        | Slain by an ufetubus

Action                   || total
-------------------------++-------
Evoke: Wand              ||     1
